 Dungeon Crawl Stone Soup version 0.17.0-73-gb648821 (webtiles) character file.

1648 OwnFault the Basher (level 8, -5/68 HPs)
             Began as a Deep Dwarf Fighter on Dec 8, 2015.
             Was an Initiate of Gozag.
             Slain by an ogre
             ... wielding a +0 giant club
              (12 damage)
             ... on level 7 of the Dungeon.
             The game lasted 00:24:25 (5515 turns).

OwnFault the Basher (Deep Dwarf Fighter)            Turns: 5515, Time: 00:24:26

Health: -5/68      AC: 20    Str: 19    XL:     8   Next: 67%
Magic:  12/12      EV:  4    Int: 10    God:    Gozag
Gold:   209        SH: 10    Dex: 19    Spells: 0 memorised, 7 levels left

rFire  . . .     SeeInvis .     B - +1 flail
rCold  . . .     Clarity  +     G - +3 plate armour {MR+}
rNeg   . . .     SustAt   .     c - +0 shield
rPois  .         Gourm    .     E - +0 helmet
rElec  .         Spirit   .     h - +1 cloak
rCorr  .         Warding  .     w - +0 pair of gloves
rMut   .         Stasis   .     (no boots)
MR     ++...                    z - amulet of clarity
Stlth  ..........               (no ring)
                                b - +5 ring of dexterity

@: non-regenerating, very resistant to hostile enchantments, extremely
unstealthy
A: damage resistance, recharge devices, sense surroundings 1, slow regeneration
3
a: Device Recharging, Potion Petition, Call Merchant, Bribe Branch, Renounce
Religion


You were on level 7 of the Dungeon.
You worshipped Gozag.
Gozag was noncommittal.
You were not hungry.

You visited 2 branches of the dungeon, and saw 8 of its levels.

You collected 394 gold pieces.
You spent 84 gold pieces at shops.
You paid 101 gold pieces to Gozag.

Inventory:

Hand Weapons
 B - a +1 flail (weapon)
Armour
 c - a +0 shield (worn)
 h - a +1 cloak (worn)
 w - a +0 pair of gloves (worn)
 E - a +0 helmet (worn)
 G - a +3 plate armour of magic resistance (worn)
Jewellery
 b - a +5 ring of dexterity (left hand)
 z - an amulet of clarity (around neck)
Wands
 e - a wand of heal wounds (5)
 u - a wand of draining (3)
Scrolls
 a - 3 scrolls of remove curse
 i - 3 scrolls of fog
 j - a scroll of blinking
 l - a scroll of recharging
 r - 5 scrolls of teleportation
Potions
 d - a potion of poison {unknown}
 g - 3 potions of invisibility
 k - 4 potions of curing
 n - 2 potions of resistance
 o - a potion of flight
 q - 3 potions of brilliance {unknown}
 t - a potion of haste {unknown}
 x - 2 potions of lignification {unknown}
 D - 2 potions of heal wounds {unknown}
Comestibles
 f - a bread ration
 m - 4 fruits
 v - 3 meat rations
 A - 3 beef jerkies


   Skills:
 - Level 2.6 Fighting
 - Level 8.0 Maces & Flails
 + Level 6.0 Armour
 - Level 5.4 Shields
 - Level 6.1 Evocations


You had 7 spell levels left.
You didn't know any spells.

Dungeon Overview and Level Annotations

Branches:
Dungeon (7/15)             Temple (1/1) D:6

Altars:
Ashenzari
Cheibriados
Dithmenos
Elyvilon
Fedhas
Gozag
Kikubaaqudgha
Makhleb
Nemelex Xobeh
Okawaru
Qazlal
Ru
Sif Muna
Trog
Vehumet
Xom
Yredelemnul
Zin
The Shining One

Shops:
D:6 }

Annotations:
D:3 subsebi's ghost, amateur OgCK


Innate Abilities, Weirdness & Mutations

You are resistant to damage.
You can recharge devices by infusing magical energy.
You passively map a small area around you.
You do not regenerate naturally.


Message History

Press: ? - help, Shift-Dir - straight line, f - ogre
Aim: an ogre, wielding a giant club (severely wounded)
You throw a poisoned tomahawk.
The poisoned tomahawk hits the ogre but does no damage.
The ogre is severely wounded.
The ogre hits you with a giant club.
Throwing (i - inventory):
y - a poisoned tomahawk (quivered)
Press: ? - help, Shift-Dir - straight line, f/p - ogre
Aim: an ogre, wielding a giant club (severely wounded)
You throw a poisoned tomahawk.
The poisoned tomahawk hits the ogre but does no damage.
The ogre is poisoned.
The ogre is severely wounded.
The ogre hits you with a giant club!!
* * * LOW HITPOINT WARNING * * *
You hit the ogre.
The ogre is severely wounded.
The ogre hits you with a giant club!
You die...
Your body crumbles into a pile of gold.

#........##....##÷§.##....#
#.=............##.(%##....#
.......(.......##.###..<..#
.........#.....###.###....#
.........#.....###.###....#
................###.#######
.#.......##..###...÷.##
#######..#..###..O....###
...........## #.@.......###
.######..".# #.......#...#
.# #....#
##.......###.######
#######....###........#
#......#
........>.............#
#......#
#######....####.<.....#
#......# ###### #.......#
#......# #.......# #......#
#.......# #......#


You could see an ogre.

Vanquished Creatures
  A hungry ghost (D:7)
  An ice beast (D:5)
  An ogre (D:6)
  A sky beast (D:7)
  3 centaurs
  A scorpion (D:4)
  4 crimson imps
  A giant frog zombie (D:5)
  2 jellies
  2 iguanas
  2 orc priests
  3 hounds
  2 centaur skeletons
  4 orc wizards
  3 worker ants
  3 worker ant zombies
  8 adders
  3 gnolls (D:4)
  A shadow imp (D:7)
  An adder skeleton (D:5)
  An adder zombie (D:7)
  2 worms
  3 giant geckos
  16 orcs
  8 giant cockroaches
  6 goblins
  9 hobgoblins
  10 jackals
  3 kobolds
  7 quokkas
  2 ball pythons
  6 bats
  A giant cockroach zombie (D:5)
  A giant newt (D:1)
  5 rats
127 creatures vanquished.

Vanquished Creatures (others)
  An orc wizard (D:4)
1 creature vanquished.

Grand Total: 128 creatures vanquished

Notes
Turn   | Place    | Note
--------------------------------------------------------------
     0 | D:1      | OwnFault the Deep Dwarf Fighter began the quest for the Orb.
     0 | D:1      | Reached XP level 1. HP: 20/20 MP: 1/1
    90 | D:1      | Found a shattered altar of Ashenzari.
   445 | D:1      | Reached XP level 2. HP: 22/27 MP: 2/2
   863 | D:1      | Reached XP level 3. HP: 23/33 MP: 3/3
  1106 | D:2      | Found a glowing silver altar of Zin.
  1108 | D:2      | Found a basalt altar of Yredelemnul.
  1529 | D:2      | Reached skill level 4 in Maces & Flails
  1891 | D:2      | Found a faded altar to an unknown god.
  1958 | D:2      | Reached XP level 4. HP: 36/40 MP: 4/4
  1963 | D:3      | Noticed subsebi's ghost (amateur OgCK)
  2264 | D:3      | Reached skill level 5 in Maces & Flails
  2638 | D:3      | Reached XP level 5. HP: 33/46 MP: 5/5
  2894 | D:4      | Reached skill level 5 in Armour
  2932 | D:4      | Reached XP level 6. HP: 25/55 MP: 6/6
  3189 | D:4      | Reached skill level 5 in Shields
  3485 | D:5      | Entered Level 5 of the Dungeon
  3499 | D:5      | Found a stormy altar of Qazlal.
  3544 | D:5      | Reached skill level 1 in Evocations
  3559 | D:5      | Reached XP level 7. HP: 5/61 MP: 6/8
  3738 | D:5      | Reached skill level 5 in Evocations
  3911 | D:5      | Reached skill level 6 in Evocations
  4275 | D:5      | Reached XP level 8. HP: 20/68 MP: 12/12
  4408 | D:6      | Found a shimmering altar of Xom.
  4432 | D:6      | Found a staircase to the Ecumenical Temple.
  4447 | Temple   | Entered the Ecumenical Temple
  4691 | D:6      | Found a white marble altar of Elyvilon.
  4771 | D:6      | Found Ellaeqyj's Gadget Emporium.
  4779 | D:6      | Bought a wand of draining (3) for 84 gold pieces
  4902 | D:6      | Reached skill level 7 in Maces & Flails
  5099 | D:7      | Gained mutation: You are occasionally teleported next to monsters. [mutagenic meat]
  5103 | D:7      | Lost mutation: You are occasionally teleported next to monsters. [potion of cure mutation]
  5117 | D:7      | Found an opulent altar of Gozag.
  5132 | D:7      | Became a worshipper of Gozag Ym Sagoz the Greedy
  5139 | D:7      | Found a blossoming altar of Fedhas.
  5340 | D:7      | Reached skill level 8 in Maces & Flails
  5515 | D:7      | Slain by an ogre

Action                   |  1- 3 |  4- 6 |  7- 9 || total
-------------------------+-------+-------+-------++-------
Melee: Flail             |   174 |   261 |   307 ||   742
Throw: Tomahawk          |       |    17 |    22 ||    39
Evoke: Wand              |       |     2 |     7 ||     9
  Use: Scroll            |    10 |     2 |     9 ||    21
       Potion            |     1 |     3 |     3 ||     7
 Stab: Invisible         |       |     2 |       ||     2
  Eat: Chunk             |     4 |     5 |     4 ||    13
       Bread ration      |       |       |     4 ||     4
